 Dungeon Crawl Stone Soup version 0.28-b1-25-g9875b3fc8c (webtiles) character file.

Game seed: 7988939240983875814

126 lordive the Caller (level 5, 0/28 HPs)
             Began as a Tengu Summoner on Jan 31, 2022.
             Succumbed to a scorpion's poison
             ... on level 4 of the Dungeon.
             The game lasted 00:08:17 (4661 turns).

lordive the Caller (Tengu Summoner)                 Turns: 4661, Time: 00:08:18

Health: 0/28       AC:  2    Str:  8    XL:     5   Next: 9%
Magic:  1/10       EV: 15    Int: 17    God:
Gold:   145        SH:  0    Dex: 15    Spells: 0/9 levels left

rFire   . . .      SeeInvis .   n - +4 short sword
rCold   . . .      Faith    .   (no shield)
rNeg    + . .      Spirit   .   a - +0 robe
rPois   .          Reflect  .   (helmet restricted)
rElec   .          Harm     .   (no cloak)
rCorr   .          Rampage  .   (no gloves)
Will    .....                   (boots unavailable)
Stlth   ++........              (no amulet)
HPRegen 0.09/turn               f - ring of positive energy
MPRegen 0.12/turn               (no ring)

@: lethally poisoned (0 -> -3), attractive, flying quickly and evasively, quick
A: beak, talons 3, nimble flight
a: no special abilities


You were on level 4 of the Dungeon.
You visited 1 branch of the dungeon, and saw 4 of its levels.

You collected 145 gold pieces.

Inventory:

Hand Weapons
 n - a +4 short sword (weapon)
Missiles
 o - 3 poisoned darts
Armour
 a - a +0 robe (worn)
 h - a +0 leather armour
Jewellery
 f - a ring of positive energy (left hand)
 j - a ring of flight
 l - a +6 ring of dexterity
 m - a ring of fire
Wands
 i - a wand of flame (4)
 p - a wand of charming (8)
Scrolls
 d - 2 scrolls of identify {unknown}
 g - a scroll of enchant armour {unknown}
 k - 2 scrolls of blinking {unknown}
Potions
 b - a potion of attraction
 c - 2 potions of mutation {unknown}
 e - a potion of magic {unknown}


   Skills:
 + Level 0.2 Fighting
 + Level 2.3 Dodging
 + Level 2.2 Stealth
 + Level 2.7 Spellcasting
 * Level 6.8 Summonings


You couldn't memorise any spells.
You knew the following spells:

 Your Spells              Type           Power      Damage    Failure   Level
a - Summon Small Mammal   Summ           100%       N/A       1%          1
b - Call Imp              Summ           25%        N/A       1%          2
c - Call Canine Familiar  Summ           25%        N/A       3%          3
d - Summon Guardian Gole  Hex/Summ       14%        N/A       13%         3

Your spell library contained the following spells:

 Spells                   Type           Power      Damage    Failure   Level
 Sting                    Tmut/Pois      8%         1d3       19%         1
 Poisonous Vapours        Pois/Air       4%         N/A       26%         2
 Sublimation of Blood     Necr           2%         N/A       26%         2
 Wereblood                Tmut           2%         N/A       26%         2
 Summon Lightning Spire   Summ/Air       14%        N/A       41%         4
 Olgreb's Toxic Radiance  Pois           2%         N/A       87%         4
 Summon Hydra             Summ           12%        N/A       100%        7


Dungeon Overview and Level Annotations

Branches:
Dungeon (4/15)
 Temple: D:4-7

Altars:
Vehumet


Innate Abilities, Weirdness & Mutations

You have a beak for a mouth.
You have claws for feet.
Your magical nature lets you fly swiftly and evasively.


Message History

Your hound bites the hound but does no damage.
Your crimson imp closely misses the hound.
You swap places.
The scorpion stings your guardian golem but does no damage.
The hound bites your rat.
Your rat dies!
Your rat's corpse disappears in a puff of smoke!
Your hound bites the hound but does no damage.
The orc hits your rat with a +0 dagger.
The scorpion stings your guardian golem!
Your hound bites the hound.
Your crimson imp barely misses the hound.
The hound misses you.
Your rat misses the orc.
Your hound completely misses the hound.
Your crimson imp hits the hound.
The hound barely misses you.
Your hound misses the hound. The scorpion stings you!
You are poisoned.
The scorpion poisons you! The orc hits you with a +0 dagger.
Your rat barely misses the orc.
* * * LOW HITPOINT WARNING * * *
You feel sick. The hound barely misses you.
Your hound misses the hound.
Your crimson imp blinks!
The scorpion stings you.
* * * LOW HITPOINT WARNING * * *
The hound bites you but does no damage. The orc misses you.
Your rat barely misses the orc.
Your hound closely misses the hound.
* * * LOW HITPOINT WARNING * * *
You feel sick. The hound completely misses you.
Your hound bites the hound.
The orc closely misses you.
Unknown command.
You swap places.
* * * LOW HITPOINT WARNING * * *
You feel sick. The hound bites you.
* * * LOW HITPOINT WARNING * * *
The scorpion misses your hound.
Your rat misses the orc.
Your hound closely misses the hound.
The hound closely misses you. The orc barely misses your hound.
It was a potion of attraction.
You feel attractive to monsters.
You die...

###########
#?........#
#.........#
+.........#
##.........#
....!...@#
.......hh#######
......ros9......
.......!5#####..
.........#
.........#
.........#
.........#
.........#


You could see a scorpion, a hound (ally target), an orc (ally target), a
friendly guardian golem (summoned), a friendly hound (summoned, sheltered), a
friendly crimson imp (summoned, sheltered) and a friendly rat (summoned,
sheltered).

Vanquished Creatures (collateral kills)
  Terence (D:2)
  A shadow imp (D:3)
  2 worms (D:3)
  5 orcs (D:3)
  5 ball pythons
  6 endoplasms
  6 giant cockroaches
  7 goblins
  4 hobgoblins
  7 jackals
  9 quokkas
  4 bats
  3 frilled lizards
  3 kobolds
  9 rats
72 creatures vanquished.

Vanquished Creatures (others)
  2 plants (D:3)
2 creatures vanquished.

Grand Total: 74 creatures vanquished

Notes
Turn   | Place    | Note
-------+----------+-------------------------------------------
     0 | D:1      | lordive the Tengu Summoner began the quest for the Orb.
     0 | D:1      | Reached XP level 1. HP: 10/10 MP: 4/4
   208 | D:1      | Reached skill level 5 in Summonings
   409 | D:1      | Reached XP level 2. HP: 10/15 MP: 1/6
   629 | D:1      | Learned a level 2 spell: Call Imp
  1177 | D:1      | Reached XP level 3. HP: 19/19 MP: 3/7
  1603 | D:1      | Learned a level 3 spell: Call Canine Familiar
  1849 | D:2      | Found a radiant altar of Vehumet.
  1879 | D:2      | Reached skill level 6 in Summonings
  2682 | D:2      | Noticed Terence
  2711 | D:2      | Killed Terence
  2712 | D:2      | Reached XP level 4. HP: 3/24 MP: 2/8
  4231 | D:3      | Gained mutation: Your magical nature lets you fly swiftly
                  | and evasively. [Tengu growth]
  4231 | D:3      | Reached XP level 5. HP: 27/28 MP: 6/10
  4644 | D:3      | Learned a level 3 spell: Summon Guardian Golem
  4660 | D:4      | HP: 1/28 [hound (1)]
  4661 | D:4      | Succumbed to a scorpion's poison

Illustrated notes

Levels and vault maps discovered:
D:1:      minmay_arrival_glassed_features, layout_loops_corners,
          shapermc_ecumenical_altar_petra
D:2:      layout_basic, basic_altar, grunt_ministairs_1, uniq_terence
D:3:      layout_basic, gup_sewer_entry_spiral, serial_forest,
          infiniplex_forest_lined_corner, infiniplex_forest_3_way,
          infiniplex_forest_lined_room_2, infiniplex_forest_lined_3,
          infiniplex_forest_corner_2, infiniplex_forest_clump_small,
          infiniplex_forest_fountain
D:4:      kennysheep_spiral_hall, layout_basic, minmay_goblin_outpost

Skill      XL: |  1  2  3 |
---------------+----------+-----
Summonings     | 5 6 |  6.8
Fighting       | |  0.2
Dodging        | |  2.3
Stealth        | |  2.2
Spellcasting   | |  2.7

Action                   |  1- 3 |  4- 6 || total
-------------------------+-------+-------++-------
Melee: Short sword       |       |     2 ||     2
       Kick              |       |     2 ||     2
       Peck              |       |     1 ||     1
 Cast: Summon Small Mamm |    38 |     5 ||    43
       Call Imp          |    10 |     2 ||    12
       Call Canine Famil |    12 |    13 ||    25
       Summon Guardian G |       |     1 ||     1
  Use: Potion            |       |     1 ||     1
Armor: Robe              |     9 |     5 ||    14
Dodge: Dodged            |    38 |    38 ||    76
